 Dungeon Crawl Stone Soup version 0.26-b1-32-g5d43845318 (webtiles) character file.

Game seed: 2300801017756483732

6317 theswoord the Fighter (level 10, -1/83 HPs)
             Began as a Demonspawn Transmuter on Jan 12, 2021.
             Was a Priest of Qazlal.
             Slain by an unseen horror (5 damage)
             ... on level 10 of the Dungeon.
             The game lasted 00:27:51 (15222 turns).

theswoord the Fighter (Demonspawn Transmuter)      Turns: 15222, Time: 00:27:51

Health: -1/83      AC:  9    Str: 13    XL:     10   Next: 64%
Magic:  13/13      EV:  9    Int: 15    God:    Qazlal [***...]
Gold:   704        SH:  8    Dex: 16    Spells: 7/13 levels left

rFire    + + +     SeeInvis .     - Unarmed
rCold    + + .     Faith    .   (no shield)
rNeg     + . .     Spirit   .   e - +0 scale mail
rPois    +         Reflect  +   (helmet restricted)
rElec    +         Harm     .   h - scarf {rC+ rF+}
rCorr    +         Rampage  .   (no gloves)
Will     .....     Rnd*Tele +   i - +0 pair of boots
Stlth    ..........             q - amulet of reflection
HPRegen  0.23/turn              s - ring of protection from fire
MPRegen  0.13/turn              x - ring of positive energy

@: resistant
A: antennae 2, icy blue scales 1, agile 1, demonic guardian 2, powered by death
1, teleportitis 1, wild magic 1
a: Renounce Religion, Upheaval, Elemental Force


You were on level 10 of the Dungeon.
You worshipped Qazlal.
Qazlal was most pleased with you.
You visited 1 branch of the dungeon, and saw 10 of its levels.

You collected 704 gold pieces.

Inventory:

Missiles
 j - 12 poisoned darts (quivered)
Armour
 a - a +0 robe
 d - a +1 cloak
 e - a +0 scale mail (worn)
 h - a scarf of resistance (worn)
 i - a +0 pair of boots (worn)
Jewellery
 q - an amulet of reflection (around neck)
 s - a ring of protection from fire (left hand)
 x - a ring of positive energy (right hand)
Wands
 b - a wand of acid (2)
 r - a wand of iceblast (7)
 y - a wand of digging (4)
Scrolls
 c - 2 scrolls of amnesia
 k - a scroll of magic mapping
 m - 3 scrolls of enchant weapon
 n - a scroll of immolation
 o - 9 scrolls of remove curse
 u - 2 scrolls of teleportation
 w - 3 scrolls of identify
 A - a scroll of fear {unknown}
 B - a scroll of fog
Potions
 f - 2 potions of attraction
 g - a potion of magic
 l - a potion of brilliance
 t - a potion of mutation
 v - 2 potions of berserk rage {unknown}


   Skills:
 + Level 9.4 Fighting
 - Level 1.7 Dodging
 + Level 9.0 Unarmed Combat
 - Level 2.0 Spellcasting
 + Level 8.8 Transmutations
 + Level 1.7 Invocations


You had 7 spell levels left.
You knew the following spells:

 Your Spells              Type           Power        Failure   Level
a - Beastly Appendage     Tmut           72%          5%          1
b - Blade Hands           Tmut           18%          71%         5

Your spell library contained the following spells:

 Spells                   Type           Power        Failure   Level
 Wereblood                Tmut           36%          7%          2
 Spider Form              Tmut/Pois      9%           56%         3
 Animate Skeleton         Necr           2%           80%         1
 Corona                   Hex            1%           80%         1
 Magic Dart               Conj           4%           80%         1
 Pain                     Necr           4%           80%         1
 Blink                    Tloc           N/A          90%         2
 Call Imp                 Summ           1%           90%         2
 Ensorcelled Hibernation  Hex/Ice        2%           90%         2
 Slow                     Hex            1%           90%         2
 Ice Form                 Ice/Tmut       19%          91%         4
 Confusing Touch          Hex            1%           98%         3
 Conjure Flame            Conj/Fire      1%           98%         3
 Dazzling Flash           Conj/Hex       2%           98%         3
 Mephitic Cloud           Conj/Pois/Air  1%           98%         3
 Tukima's Dance           Hex            1%           98%         3
 Vampiric Draining        Necr           0%           98%         3
 Animate Dead             Necr           0%           100%        4
 Agony                    Necr           1%           100%        5


Dungeon Overview and Level Annotations

Branches:
Dungeon (10/15)            Temple (0/1) D:7             Orc (0/2) D:10
   Lair: D:8-11

Altars:
Ashenzari
Dithmenos
Elyvilon
Fedhas
Hepliaklqana
Nemelex Xobeh
Okawaru
Qazlal
Ru
Trog
Wu Jian
Xom
Lugonu

Portals:
Abyss: D:10


Innate Abilities, Weirdness & Mutations

You have a pair of antennae on your head.
You are partially covered in icy blue scales. (AC +2)
A demonic guardian rushes to your aid.
You regenerate a little health from kills.
You are agile. (Dex +2)
You are occasionally teleported next to monsters.
Your spells are a little harder to cast, but a little more powerful.


Message History

* * * LOW HITPOINT WARNING * * *
There is a stone staircase leading up, spattered with blood here.
Okay, then.
You feel better. Something hits you.
* * * LOW HITPOINT WARNING * * *
You barely miss something. Something hits you.
* * * LOW HITPOINT WARNING * * *
Something hits you.
* * * LOW HITPOINT WARNING * * *
Okay, then.
Okay, then.
It was a potion of resistance.
You feel protected.
Something hits you but does no damage. x2; Something hits you.
* * * LOW HITPOINT WARNING * * *
It was a potion of mutation.
You feel extremely strange.
You feel weirdly uncertain.
You feel agile.
You feel less in control of your magic. Something hits you.
You die...

#......###................#
#.
##......#..#..............#
#.
###.....#......##......###
## #.....#......#.#.....###
###...#......#.......####
###.##......Z......#..#
##.....................#
#......##....{........####
##..#...###..@.........[.#
####....#..§.☼..........#
#......#.#.............#
###......#.....##..#####
#...>.....#...#..#
##.#...#..##.(...#
#.##.##.#####.### #########
###


You could see an orc zombie.

Vanquished Creatures
  A two-headed ogre (D:8)
  Maurice (D:10)
  A gargoyle (D:9)
  A shadow (D:10)
  2 wyverns (D:8)
  Edmund (D:4)
  2 water moccasins
  3 orc warriors
  An ice beast (D:6)
  A black bear (D:6)
  A hornet zombie (D:9)
  4 phantoms
  An eye of draining (D:9)
  3 centaurs
  4 ogres
  A big kobold (D:7)
  6 bullfrogs
  A gnoll sergeant (D:3)
  5 scorpions
  A troll zombie (D:10)
  An electric eel (D:9)
  A howler monkey (D:8)
  Crazy Yiuf (D:2)
  6 hounds
  4 orc priests
  A bullfrog skeleton (D:6)
  An iguana (D:4)
  2 centaur skeletons
  4 worker ants
  2 orc wizards
  7 ogre zombies (D:10)
  A hound zombie (D:9)
  A howler monkey zombie (D:9)
  A hound skeleton (D:6)
  A worker ant zombie (D:9)
  Robin (D:3)
  13 adders
  9 gnolls
  A howler monkey skeleton (D:4)
  A shadow imp (D:6)
  3 white imps
  An ooze (D:6)
  2 adder skeletons
  3 worms
  A dart slug (D:1)
  6 leopard geckos
  25 orcs
  9 bats
  6 giant cockroaches
  16 goblins
  6 hobgoblins
  6 jackals
  3 quokkas
  A ball python skeleton (D:4)
  8 frilled lizards
  A goblin skeleton (D:10)
  A goblin zombie (D:10)
  2 hobgoblin skeletons (D:10)
  3 hobgoblin zombies (D:10)
  3 jackal skeletons
  14 kobolds
  2 leopard gecko skeletons
  2 orc skeletons (D:10)
  13 orc zombies (D:10)
  A quokka zombie (D:9)
  8 rats
246 creatures vanquished.

Vanquished Creatures (collateral kills)
  Harold (D:9)
  A two-headed ogre (D:8)
  Urug (D:10)
  A phantom (D:6)
  A bullfrog (D:8)
  A worker ant (D:9)
  An adder (D:10)
  2 gnolls (D:3)
  A shadow imp (D:9)
  A ball python (D:3)
11 creatures vanquished.

Vanquished Creatures (others)
  A jackal skeleton (D:9)
  A lurking horror (D:10)
  13 plants (D:5)
15 creatures vanquished.

Grand Total: 272 creatures vanquished

Notes
Turn   | Place    | Note
-------+----------+-------------------------------------------
     0 | D:1      | theswoord the Demonspawn Transmuter began the quest for the
                  | Orb.
     0 | D:1      | Reached XP level 1. HP: 15/15 MP: 3/3
   278 | D:1      | Gained mutation: You regenerate a little health from kills.
                  | [demonic ancestry]
   278 | D:1      | Reached XP level 2. HP: 19/21 MP: 3/5
   523 | D:1      | Reached XP level 3. HP: 27/27 MP: 4/6
   954 | D:2      | Found a white marble altar of Elyvilon.
  1506 | D:2      | Found an ornate altar of the Wu Jian Council.
  1543 | D:2      | Gained mutation: You have a pair of small antennae on your
                  | head. [demonic ancestry]
  1543 | D:2      | Reached XP level 4. HP: 19/33 MP: 7/7
  1941 | D:2      | Found a runed translucent door.
  1942 | D:2      | Noticed Crazy Yiuf
  2092 | D:2      | Killed Crazy Yiuf
  2150 | D:3      | Noticed Robin
  2383 | D:3      | Killed Robin
  2623 | D:3      | Gained mutation: A weak demonic guardian rushes to your
                  | aid. [demonic ancestry]
  2623 | D:3      | Reached XP level 5. HP: 30/40 MP: 6/8
  3647 | D:3      | Reached XP level 6. HP: 21/47 MP: 9/9
  4047 | D:3      | Found a hazy altar of Hepliaklqana.
  4713 | D:4      | Noticed Edmund
  4720 | D:4      | Killed Edmund
  4721 | D:4      | Gained mutation: A demonic guardian rushes to your aid.
                  | [demonic ancestry]
  4721 | D:4      | Reached XP level 7. HP: 50/54 MP: 7/10
  5212 | D:4      | Reached skill level 5 in Unarmed Combat
  5743 | D:5      | Entered Level 5 of the Dungeon
  6193 | D:5      | Reached skill level 5 in Fighting
  6564 | D:5      | Reached skill level 5 in Transmutations
  6809 | D:5      | Found an iron altar of Okawaru.
  7271 | D:6      | Reached XP level 8. HP: 62/62 MP: 9/11
  7652 | D:6      | Found a shadowy altar of Dithmenos.
  8536 | D:7      | Found a blossoming altar of Fedhas.
  8536 | D:7      | Found a stormy altar of Qazlal.
  8580 | D:7      | Became a worshipper of Qazlal Stormbringer
  8797 | D:7      | Learned a level 5 spell: Blade Hands
  8888 | D:7      | Gained mutation: You have a pair of antennae on your head.
                  | [demonic ancestry]
  8888 | D:7      | Reached XP level 9. HP: 29/71 MP: 10/12
  9642 | D:7      | Found a staircase to the Ecumenical Temple.
  9786 | D:7      | Found a sacrificial altar of Ru.
 10218 | D:7      | Found a sparkling altar of Nemelex Xobeh.
 10459 | D:8      | Reached * piety under Qazlal
 11114 | D:8      | Noticed a two-headed ogre
 11121 | D:8      | Killed a two-headed ogre
 11611 | D:8      | Noticed a two-headed ogre
 11621 | D:8      | Killed a two-headed ogre
 11914 | D:8      | Gained mutation: You are partially covered in icy blue
                  | scales. (AC +2) [demonic ancestry]
 11914 | D:8      | Reached XP level 10. HP: 72/82 MP: 13/13
 12432 | D:9      | Found a shimmering altar of Xom.
 12549 | D:9      | Noticed a gargoyle
 12564 | D:9      | Killed a gargoyle
 12570 | D:9      | Noticed Harold
 12585 | D:9      | Killed Harold
 12888 | D:9      | Reached ** piety under Qazlal
 13194 | D:9      | Found a bloodstained altar of Trog.
 13269 | D:9      | Found a broken altar of Ashenzari.
 13612 | D:10     | Entered Level 10 of the Dungeon
 13612 | D:10     | Noticed Maurice
 13626 | D:10     | Killed Maurice
 13748 | D:10     | Noticed Urug
 13762 | D:10     | Killed Urug
 14377 | D:10     | Reached skill level 1 in Invocations
 14971 | D:10     | Found a staircase to the Orcish Mines.
 15009 | D:10     | Reached *** piety under Qazlal
 15024 | D:10     | Found a corrupted altar of Lugonu.
 15026 | D:10     | Found a one-way gate to the infinite horrors of the Abyss.
 15221 | D:10     | HP: 4/83 [something (4)]
 15222 | D:10     | Gained mutation: You are occasionally teleported next to
                  | monsters. [potion of mutation]
 15222 | D:10     | Gained mutation: You are agile. (Dex +2) [potion of
                  | mutation]
 15222 | D:10     | Gained mutation: Your spells are a little harder to cast,
                  | but a little more powerful. [potion of mutation]
 15222 | D:10     | Slain by an unseen horror

Skill      XL: |  1  2  3  4  5  6  7  8  9 10 |
---------------+-------------------------------+-----
Transmutations | 2 3 4 5 6 7 8 |  8.8
Unarmed Combat | 3 4 5 6 8 9 |  9.0
Fighting       | 2 3 4 5 6 8 9 |  9.4
Invocations    | 1 |  1.7
Dodging        | |  1.7
Spellcasting   | |  2.0

Action                   |  1- 3 |  4- 6 |  7- 9 | 10-12 || total
-------------------------+-------+-------+-------+-------++-------
Melee: Unarmed           |   129 |   225 |   524 |   198 ||  1076
       Headbutt          |    13 |       |       |       ||    13
       Punch             |     4 |       |    18 |     7 ||    29
       Kick              |    15 |    28 |   107 |    45 ||   195
Throw: Dart              |       |       |       |    14 ||    14
 Cast: Beastly Appendage |    25 |    19 |    58 |    23 ||   125
Evoke: Wand              |       |       |       |     5 ||     5
  Use: Scroll            |     1 |     1 |    18 |     1 ||    21
       Potion            |       |    10 |     6 |     4 ||    20
 Stab: Sleeping          |     1 |       |       |       ||     1
       Invisible         |       |       |     1 |       ||     1
       Paralysed         |       |       |     1 |       ||     1
Armor: Robe              |    25 |    11 |       |       ||    36
       Scale mail        |       |    80 |   183 |    88 ||   351
       Skin              |       |    26 |       |       ||    26
Dodge: Dodged            |    91 |   114 |   215 |    84 ||   504
Block: Other             |       |       |   120 |    64 ||   184
       Reflection        |       |       |     9 |     1 ||    10

Levels and vault maps discovered:
D:1:      dpeg_arrival_three_same_balls, layout_rooms
D:2:      layout_loops_cross, elyvilon_altar_3, nzn_wu_jian_contemplation,
          uniq_crazy_yiuf_cottage
D:3:      layout_loops_cross, nzn_hepliaklqana_mist_gate,
          minmay_misc_feat_secret_circle, uniq_robin
D:4:      minmay_razor_zed, layout_loops_cross, uniq_edmund
D:5:      layout_loops_corners, kennysheep_little_box, minmay_misc_feat_five,
          serial_bayou_lagoon_b
D:6:      layout_loops_corners, nicolae_dithmenos_the_darkroom
D:7:      layout_cave_pools, grunt_temple_overflow_forces_of_nature,
          lemuel_coloured_pillars_altar, temple_green,
          nicolae_ru_great_annihilating_truth
D:8:      layout_gridville
D:9:      layout_big_octagon, nicolae_overflow_hidden_temple,
          trog_eyes_of_draining, xom_teletrap_fun, uniq_harold
D:10:     layout_cave_pools, zombieorc2_lemuel, mrwooster_statue_mirror,
          amcnicky_altar_lugonu_corruption, uniq_maurice, uniq_urug
